Map: Wschodnia Strażnica ER

Players

qqq - Winner!

  • Race: Protoss Protoss
  • League: Silver
  • Spawn Location: 1:00

Necromion

  • Race: Protoss Protoss
  • League: Silver
  • Spawn Location: 7:00

VOD

Have the link to the VOD?

Description

Time

  • Played on: May 3, 2018, 9:04 a.m.
  • Length: 5:22
Show
View Real Time Build Order
Export as new Build Order

qqq Protoss - Winner!

Build Orders: Oracle Opening 

Get SALT Encoding   

  12  0:02  Probe  
  13  0:14  Probe  
  14  0:20  Pylon  
  14  0:26  Probe  
  15  0:38  Probe  
  15  0:39  Gateway  
  16  0:49  Assimilator  
  16  0:50  Probe  
  17  1:01  Pylon  
  17  1:02  Probe  
  18  1:14  Probe  
  19  1:26  Probe  
  19  1:27  Cybernetics Core  
  19  1:32  Gateway  
  20  1:38  Pylon  
  20  1:46  Assimilator  
  20  1:49  Probe  
  21  2:01  Probe  
  22  2:10  Stargate  
  22  2:13  Probe  
  23  2:22  Stalker  
  23  2:23  Stalker  
  23  2:25  Probe  
  28  2:42  Pylon  
  28  2:58  Stalker  
  28  3:01  Stalker  
  32  3:07  Gateway  
  32  3:15  Probe  
  33  3:21  Oracle  
  34  4:01  Phoenix  
  36  4:19  Nexus  
  36  4:21  Pylon  
  36  4:24  Assimilator  
  36  4:25  Assimilator  
  36  5:07  Probe  
Show
View Real Time Build Order
Export as new Build Order

Necromion Protoss 

Build Orders:  

Get SALT Encoding   

  12  0:03  Probe  
  13  0:15  Probe  
  13  0:19  Pylon  
  14  0:27  Probe  
  15  0:38  Gateway  
  15  0:41  Probe  
  16  0:46  Assimilator  
  16  0:53  Probe  
  17  1:04  Pylon  
  17  1:05  Probe  
  18  1:17  Probe  
  19  1:19  Forge  
  19  1:29  Probe  
  20  1:32  Cybernetics Core  
  20  1:51  Assimilator  
  20  1:58  Pylon  
  20  2:14  Photon Cannon  
  20  2:24  Photon Cannon  
  19  2:52  Probe  
  20  3:04  Nexus, Probe  
  21  3:16  Probe  
  22  3:21  Photon Cannon  
  22  3:22  Photon Cannon  
  22  3:28  Probe  
  22  3:46  Stalker  
  22  3:47  Stargate  
  24  4:02  Photon Cannon  
  24  4:15  Pylon  
  24  4:22  Probe  
  25  4:34  Probe  
  25  4:37  Void Ray  
  24  4:59  Probe  
Tags
 
Add a new tag
Caveats
  • Supply blocks, unpowered buildings, or Contaminate may cause inaccurate times.
  • Supply counts are checked every 10 seconds.